 Dungeon Crawl Stone Soup version 0.31-a0-240-gb923e448b6 (webtiles) character file.

Game seed: 7388331976654743941

413 Nattfarinn the Stinger (level 6, -9/36 HPs)
             Began as an Octopode Venom Mage on July 12, 2023.
             Mangled by Crazy Yiuf
             ... wielding a +3 quarterstaff of chaos
              (10 damage)
             ... on level 4 of the Dungeon.
             The game lasted 00:08:29 (4286 turns).

Nattfarinn the Stinger (Octopode Venom Mage)        Turns: 4286, Time: 00:08:29

Health: -9/36      AC:  1    Str:  9    XL:     6   Next: 91%
Magic:  3/9        EV: 13    Int: 17    God:
Gold:   199        SH:  0    Dex: 13    Spells: 3/9 levels left

rFire   . . .        r - +2 whip (elec)
rCold   . . .        (no shield)
rNeg    . . .        (helmet restricted)
rPois   +            (no amulet)
rElec   .            e - ring of poison resistance
rCorr   .            w - ring of flight
SInv    .            p - ring of willpower
Will    +....        (no ring)
Stlth   +++          (no ring)
HPRegen 0.26/turn    (no ring)
MPRegen 0.11/turn    (no ring)
                     (no ring)

%: no passive effects
@: flying, very slightly contaminated
A: almost no armour, amphibious, 8 rings, camouflage 1, gelatinous body 1,
(nimble swimmer 1), tentacles
a: no special abilities


You were on level 4 of the Dungeon.
You visited 1 branch of the dungeon, and saw 4 of its levels.

You collected 199 gold pieces.

Inventory:

Hand Weapons
 b - a +2 hand axe of flaming
 r - a +2 whip of electrocution (weapon)
Jewellery
 e - a ring of poison resistance (left tentacle)
 p - a ring of willpower (on tentacle)
 w - a ring of flight (right tentacle)
 A - an amulet of reflection
Talismans
 y - a maw talisman
Wands
 B - a wand of flame (20)
Scrolls
 h - a scroll of vulnerability {unknown}
 m - a scroll of enchant weapon {unknown}
 q - a scroll of brand weapon {unknown}
 s - a scroll of fog {unknown}
 t - a scroll of fear {unknown}
 u - 2 scrolls of identify {unknown}
 v - 3 scrolls of teleportation {unknown}
 x - a scroll of enchant armour {unknown}
Potions
 a - a potion of magic
 c - a potion of brilliance {unknown}
 d - a potion of heal wounds {unknown}
 f - a potion of attraction {unknown}
 g - 2 potions of curing {unknown}
 i - a potion of lignification {unknown}
 j - a potion of cancellation {unknown}
 k - a potion of berserk rage
 l - 2 potions of mutation {unknown}
 n - a potion of haste {unknown}
 o - 2 potions of enlightenment {unknown}
 z - a potion of experience {unknown}


   Skills:
 - Level 2.0 Dodging
 - Level 2.6 Stealth
 - Level 2.7 Unarmed Combat
 - Level 2.0 Spellcasting
 - Level 1.0 Transmutations
 - Level 7.4 Poison Magic
 + Level 2.2 Shapeshifting


You had 3 spell levels left.
You knew the following spells:

 Your Spells              Type           Power      Damage    Failure   Level
a - Sting                 Tmut/Pois      64%        1d6       3%          1
b - Poisonous Vapours     Pois/Air       28%        N/A       6%          2
c - Mephitic Cloud        Conj/Pois/Air  10%        N/A       22%         3

Your spell library contained the following spells:

 Spells                   Type           Power      Damage    Failure   Level
 Cigotuvi's Dreadful Rot  Necr/Pois/Air  20%        N/A       11%         2
 Magic Dart               Conj           4%         1d3       19%         1
 Blink                    Tloc           2%         N/A       28%         2
 Call Imp                 Summ           2%         N/A       28%         2
 Lesser Beckoning         Tloc           2%         N/A       28%         2
 Momentum Strike          Conj/Tloc      2%         3d8       28%         2
 Summon Guardian Golem    Hex/Summ       1%         N/A       50%         3
 Olgreb's Toxic Radiance  Pois           26%        N/A       10%         4
 Dispel Undead            Necr           1%         3d6       88%         4
 Death Channel            Necr           0%         N/A       100%        6
 Orb of Destruction       Conj           0%         9d5       100%        7
 Spellforged Servitor     Conj/Summ      0%         N/A       100%        7
 Summon Hydra             Summ           0%         N/A       100%        7
 Lehudib's Crystal Spear  Conj/Erth      0%         10d2      100%        8


Dungeon Overview and Level Annotations

Branches:
Dungeon (4/15)
 Temple: D:4-7

Altars:
Kikubaaqudgha
Okawaru
The Shining One

Shops:
D:4 (

Annotations:
D:4 Crazy Yiuf


Innate Abilities, Weirdness & Mutations

You cannot wear most types of armour.
You are amphibious.
You can wear up to eight rings at the same time.
Your skin changes colour to match your surroundings (Stealth+).
Your rubbery body absorbs attacks. (AC +1, EV +1)
((You are camouflaged when in or above water. (Stealth+)))
You have tentacles for arms and can constrict up to eight enemies at once.


Message History

There is an open door here.
You reach down and open the door.
There is an open door here.
Found a stone staircase leading down.
You reach down and open the door.
Found a stone staircase leading up.
There is an open door here.
There is an open door here.
There is an open door here.
There is an open door here.
There is an open door here.
You see here 9 stones.
There is an open door here.
There is an open door here.
You now have 199 gold pieces (gained 4).
Found a runed translucent door.
Could not explore, unopened runed door.
You reach down and open the door.
Poisonous vapours surround Crazy Yiuf!
Crazy Yiuf is poisoned.
Crazy Yiuf yells, "Rifle arm broken!"
Poisonous vapours surround Crazy Yiuf!
Crazy Yiuf looks even sicker.
You miscast Poisonous Vapours.
You are very lightly contaminated with residual magic.
Nothing appears to happen.
You hit Crazy Yiuf. You grab Crazy Yiuf.
You squeeze Crazy Yiuf, but do no damage.
Crazy Yiuf is moderately wounded.
You constrict Crazy Yiuf.
Crazy Yiuf hits you with a +3 quarterstaff of chaos.
Crazy Yiuf freezes you.
You hit Crazy Yiuf but do no damage.
Crazy Yiuf is heavily wounded.
You constrict Crazy Yiuf, but do no damage.
Crazy Yiuf hits you with a +3 quarterstaff of chaos!
Crazy Yiuf yells, "Cod pizzabubble tortoise!"
Crazy Yiuf hits you with a +3 quarterstaff of chaos!!
Ouch! That really hurt!
* * * LOW HITPOINT WARNING * * *
You are electrocuted!
You die...

##.###.....
##..#.'.....
#..#..##...#
#####
#.##.###.#+#
#..)# #.#..#
###.. #...#
##...###....
...
#..#...##...
#g#
######..'..^
♣♣@♣ #.###..
♣.♣♣ #.# #..
♣♣.♣ #.# ###
♣.♣♣ #.# ♣♣.♣♣
#.# ♣...♣♣ ##.#
♣....♣ ###..#
#....# #...##
##..#######.###


You could see Crazy Yiuf (very poisoned).

Vanquished Creatures
  A phantom (D:4)
  An orc priest (D:3)
  A jelly (D:4)
  Terence (D:2)
  Natasha (twice) (D:2)
  2 orc wizards (D:3)
  Robin (D:2)
  4 adders
  A gnoll (D:1)
  2 dart slugs
  2 worms (D:2)
  6 orcs
  8 bats
  6 endoplasms
  2 giant cockroaches (D:1)
  13 hobgoblins
  4 jackals (D:1)
  6 kobolds
  A quokka (D:1)
  5 ball pythons
  3 frilled lizards
  8 goblins
  8 rats
88 creatures vanquished.

Notes
Turn   | Place    | Note
-------+----------+-------------------------------------------
     0 | D:1      | Nattfarinn the Octopode Venom Mage began the quest for the
                  | Orb.
     0 | D:1      | Reached XP level 1. HP: 11/11 MP: 3/3
   128 | D:1      | Reached skill level 4 in Poison Magic
   140 | D:1      | Reached XP level 2. HP: 17/17 MP: 1/5
   574 | D:1      | Reached XP level 3. HP: 21/21 MP: 6/6
   638 | D:1      | Reached skill level 5 in Poison Magic
   785 | D:1      | Learned a level 2 spell: Poisonous Vapours
  1130 | D:2      | Noticed Robin
  1306 | D:2      | Reached XP level 4. HP: 27/27 MP: 7/7
  1310 | D:2      | Learned a level 3 spell: Mephitic Cloud
  1429 | D:2      | Noticed Natasha
  1435 | D:2      | Killed Natasha
  1436 | D:2      | Reached skill level 6 in Poison Magic
  1500 | D:2      | Noticed Natasha
  1509 | D:2      | Killed Natasha
  1711 | D:2      | Reached XP level 5. HP: 31/31 MP: 8/8
  2085 | D:2      | Got the Compilation of Called Mud
  2252 | D:2      | Reached skill level 7 in Poison Magic
  2344 | D:2      | Killed Robin
  2455 | D:2      | Noticed Terence
  2496 | D:2      | Killed Terence
  2858 | D:3      | Reached skill level 1 in Unarmed Combat
  2863 | D:3      | Reached XP level 6. HP: 4/36 MP: 7/9
  2864 | D:3      | HP: 1/54 [orc priest/+2 whip of electrocution (6)]
  3539 | D:4      | Found Douzxekkyt's Antique Weapon Shoppe.
  3614 | D:4      | Found an ancient bone altar of Kikubaaqudgha.
  3614 | D:4      | Found a glowing golden altar of the Shining One.
  3617 | D:4      | Found an iron altar of Okawaru.
  3624 | D:4      | Reached skill level 1 in Shapeshifting
  4277 | D:4      | Found a runed translucent door.
  4278 | D:4      | Noticed Crazy Yiuf
  4286 | D:4      | HP: 1/36 [Crazy Yiuf/+3 quarterstaff of chaos (18)]
  4286 | D:4      | Mangled by Crazy Yiuf

Illustrated notes

Levels and vault maps discovered:
D:1:      dpeg_arrival_fog, layout_loops_cross, nrook_campfire,
          minmay_hexomino_p4
D:2:      layout_loops_corners, uniq_terence, uniq_robin, uniq_natasha
D:3:      layout_rooms
D:4:      nicolae_cairo_tiling_very_big, layout_basic,
          grunt_temple_overflow_open, serial_shops, nicolae_shop_rolling_square,
          grunt_decor_resistance, uniq_crazy_yiuf_cottage

Skill      XL: |  1  2  3  4  5  6 |
---------------+-------------------+-----
Poison Magic   | 4 5 6 7 |  7.4
Unarmed Combat | 2 |  2.7
Shapeshifting  | 2 |  2.2
Dodging        | |  2.0
Stealth        | |  2.6
Spellcasting   | |  2.0
Transmutations | |  1.0

Action                     |  1- 3 |  4- 6 || total
---------------------------+-------+-------++-------
  Melee: Unarmed           |     4 |       ||     4
         Tentacles         |     8 |    18 ||    26
         Hand axe          |    52 |    53 ||   105
         Constrict         |     7 |    17 ||    24
         Whip              |       |    41 ||    41
   Cast: Sting             |     8 |       ||     8
         Poisonous Vapours |    11 |    45 ||    56
    Use: Potion            |       |     1 ||     1
   Stab: Sleeping          |     6 |     6 ||    12
 Armour: Skin              |     6 |     3 ||     9
  Dodge: Dodged            |    36 |    61 ||    97

Table legend: (Time is in decaauts)
 A = Elapsed time spent in this place.
 B = Non-inter-level travel time spent in this place.
 C = Inter-level travel time spent in this place.
 D = Time resting spent in this place.
 E = Time spent auto-exploring this place.
 F = Levels seen in this place.
 G = Mean time per level.
                   A        B        C        D        E       F      G
               +--------+--------+--------+--------+--------+-----+--------+
         Total |   4328 |   4212 |    116 |    410 |   3081 |   4 | 1082.0 |
       Dungeon |   4328 |   4212 |    116 |    410 |   3081 |   4 | 1082.0 |
               +--------+--------+--------+--------+--------+-----+--------+

Top non-repeatable levels by time:
     D:2: 1753 daAuts
     D:1: 1078 daAuts
     D:4: 1048 daAuts
     D:3: 448 daAuts
